 Dungeon Crawl Stone Soup version 0.28-a0-883-gc8d7bad45d (webtiles) character file.

Game seed: 4800683967086134861

80 horus123 the Firebug (level 4, -3/24 HPs)
             Began as a Tengu Fire Elementalist on Nov 22, 2021.
             Slain by a centaur (6 damage)
             ... on level 3 of the Dungeon.
             The game lasted 00:05:12 (2349 turns).

horus123 the Firebug (Tengu Fire Elementalist)      Turns: 2349, Time: 00:05:12

Health: -3/24      AC:  5    Str:  9    XL:     4   Next: 39%
Magic:  1/9        EV: 13    Int: 16    God:
Gold:   72         SH:  0    Dex: 20    Spells: 2/8 levels left

rFire   . . .      SeeInvis .   (no weapon)
rCold   . . .      Faith    .   (no shield)
rNeg    . . .      Spirit   .   a - +2 robe
rPois   .          Reflect  .   (helmet restricted)
rElec   .          Harm     .   c - +0 cloak
rCorr   .          Rampage  .   (no gloves)
Will    .....                   (boots unavailable)
Stlth   ++........              (no amulet)
HPRegen 0.08/turn               b - +6 ring of dexterity
MPRegen 0.11/turn               (no ring)

@: very slightly contaminated
A: beak, talons 3
a: no special abilities


You were on level 3 of the Dungeon.
You visited 1 branch of the dungeon, and saw 3 of its levels.

You collected 72 gold pieces.

Inventory:

Armour
 a - a +2 robe (worn)
 c - a +0 cloak (worn)
Jewellery
 b - a +6 ring of dexterity (left hand)
Scrolls
 d - a scroll of identify
 e - a scroll of blinking {unknown}
 g - 2 scrolls of amnesia {unknown}
 h - a scroll of noise {unknown}
Potions
 f - a potion of heal wounds {unknown}


   Skills:
 + Level 2.4 Dodging
 + Level 2.3 Stealth
 + Level 2.8 Spellcasting
 + Level 2.5 Conjurations
 + Level 4.1 Fire Magic


You had 2 spell levels left.
You knew the following spells:

 Your Spells              Type           Power      Damage    Failure   Level
a - Foxfire               Conj/Fire      52%        2x1d6     4%          1
b - Scorch                Fire           30%        2d7       5%          2
c - Conjure Flame         Conj/Fire      13%        6-21      14%         3

Your spell library contained the following spells:

 Spells                   Type           Power      Damage    Failure   Level
 Inner Flame              Hex/Fire       8%         N/A       24%         3
 Flame Wave               Conj/Fire      13%        3d5       43%         4
 Airstrike                Air            1%         N/A       88%         4
 Summon Lightning Spire   Summ/Air       2%         N/A       88%         4
 Lightning Bolt           Conj/Air       3%         1d14      97%         5


Dungeon Overview and Level Annotations

Branches:
Dungeon (3/15)

Altars:

Shops:
D:2 [:(


Innate Abilities, Weirdness & Mutations

You have a beak for a mouth.
You have claws for feet.


Message History

The centaur is lightly wounded.
The centaur shoots an arrow.
The arrow closely misses you.
You conjure some foxfire!
The foxfire hits the centaur but does no damage.
The centaur is lightly wounded.
The foxfire hits the centaur.
The centaur is heavily wounded.
The foxfire hits the centaur but does no damage.
The centaur is heavily wounded.
The centaur shoots an arrow.
The arrow hits you!
Casting: Foxfire (safe; 4% risk of failure)
Confirm with . or Enter, or press ? or * to list all spells.
You miscast Scorch.
Nothing appears to happen.
The foxfire hits the centaur.
The centaur is heavily wounded.
The foxfire hits the centaur but does no damage.
The centaur is heavily wounded.
The centaur shoots an arrow.
The arrow barely misses you.
Casting: Scorch (safe; 5% risk of failure)
Confirm with . or Enter, or press ? or * to list all spells.
Flames lash the centaur.
The centaur is almost dead.
The centaur's fire resistance burns away.
The centaur unwields a +0 shortbow.
The centaur hits you.
* * * LOW HITPOINT WARNING * * *
The centaur kicks you but does no damage.
Casting: Scorch (safe; 5% risk of failure)
Confirm with . or Enter, or press ? or * to list all spells.
You don't have enough magic to cast this spell.
Casting: Scorch (safe; 5% risk of failure)
Confirm with . or Enter, or press ? or * to list all spells.
You don't know that spell.
You hit the centaur but do no damage.
The centaur is almost dead.
The centaur hits you.
* * * LOW HITPOINT WARNING * * *
The centaur kicks you but does no damage.
You hit the centaur but do no damage. Your peck misses the centaur.
The centaur is almost dead.
The centaur hits you.
You die...

#.#.......##
..........#
#.........#
#.........#
#.........#
#.........#
###...c...##
#....@.....#
#............#
.............#
.............#
.........>...#
............##
...........##
.........###


You could see a centaur (combustible).

Vanquished Creatures
  Terence (D:2)
  A dart slug (D:2)
  3 ball pythons (D:1)
  2 bats (D:1)
  5 endoplasms
  3 giant cockroaches
  5 goblins
  8 hobgoblins
  3 quokkas
  11 frilled lizards
  3 kobolds
  4 rats (D:1)
49 creatures vanquished.

Vanquished Creatures (others)
  190 foxfires
190 creatures vanquished.

Grand Total: 239 creatures vanquished

Notes
Turn   | Place    | Note
-------+----------+-------------------------------------------
     0 | D:1      | horus123 the Tengu Fire Elementalist began the quest for
                  | the Orb.
     0 | D:1      | Reached XP level 1. HP: 10/10 MP: 4/4
   182 | D:1      | Reached XP level 2. HP: 15/15 MP: 1/6
   436 | D:1      | Learned a level 2 spell: Scorch
   720 | D:1      | Reached XP level 3. HP: 17/19 MP: 2/7
   724 | D:1      | Learned a level 3 spell: Conjure Flame
  1056 | D:2      | Found Mutet's Book Emporium.
  1379 | D:2      | Found Areor's Armour Shop.
  1385 | D:2      | Noticed Terence
  1399 | D:2      | Killed Terence
  1400 | D:2      | Reached skill level 4 in Fire Magic
  1400 | D:2      | Reached XP level 4. HP: 16/24 MP: 0/9
  1850 | D:2      | Found Xusseruf's Weapon Emporium.
  2340 | D:3      | Noticed a centaur
  2349 | D:3      | Slain by a centaur

Illustrated notes

Levels and vault maps discovered:
D:1:      wander_arrival_lonely_grave, layout_rooms, amethyst_killhole
D:2:      layout_basic, serial_shops, nicolae_diamond_shop,
          nicolae_shop_bloodbath_and_beyond, nicolae_shop_behind_doors,
          corexii_item_surrounded_by_moat, minmay_domino_2, uniq_terence
D:3:      layout_rooms, corexii_shack

Skill      XL: |  1  2  3 |
---------------+----------+-----
Conjurations   | 2 |  2.5
Fire Magic     | 4 |  4.1
Dodging        | |  2.4
Stealth        | |  2.3
Spellcasting   | |  2.8

Action                   |  1- 3 |  4- 6 || total
-------------------------+-------+-------++-------
Melee: Unarmed           |     2 |     6 ||     8
       Kick              |     1 |     1 ||     2
 Cast: Foxfire           |    70 |    41 ||   111
       Scorch            |     5 |     1 ||     6
  Use: Scroll            |     3 |       ||     3
Armor: Robe              |     3 |    10 ||    13
Dodge: Dodged            |    16 |     5 ||    21

Table legend: (Time is in decaauts)
 A = Elapsed time spent in this place.
 B = Non-inter-level travel time spent in this place.
 C = Inter-level travel time spent in this place.
 D = Time resting spent in this place.
 E = Time spent auto-exploring this place.
 F = Levels seen in this place.
 G = Mean time per level.
                   A        B        C        D        E       F      G
               +--------+--------+--------+--------+--------+-----+--------+
         Total |   2347 |   2308 |     39 |     96 |   1845 |   3 |  782.3 |
       Dungeon |   2347 |   2308 |     39 |     96 |   1845 |   3 |  782.3 |
               +--------+--------+--------+--------+--------+-----+--------+

Top non-repeatable levels by time:
     D:2: 1287 daAuts
     D:1: 1052 daAuts
     D:3: 8 daAuts
